PAAA
TORTOLITA DRUMMERS @ BAKERSFIELD NOBLES
06/14/2031
 
TOP OF THE 1ST
Tortolita Drummers batting - Pitching for Bakersfield Nobles : RHP Armando Garay
Pitching: RHP Armando Garay
Batting: RHB Sean Godron 0-0: Ball
1-0: Foul Ball, location: 2F
1-1: Foul Ball, location: 2F
1-2: Ball
2-2: Strikes out swinging
Batting: RHB Ricardo Pacheco 0-0: Ball
1-0: Ball
2-0: Foul Ball, location: 2F
2-1: Foul Ball, location: 2F
2-2: Foul Ball, location: 2F
2-2: Strikes out looking
Batting: LHB Francisco Ornelas 0-0: Foul Ball, location: 2F
0-1: Called Strike
0-2: Strikes out swinging
Top of the 1st over - 0 runs, 0 hits, 0 errors, 0 left on base; Tortolita 0 - Bakersfield 0
BOTTOM OF THE 1ST
Bakersfield Nobles batting - Pitching for Tortolita Drummers : RHP Gustavo Pérez
Pitching: RHP Gustavo Pérez
Batting: LHB Alberto Enríquez 0-0: Ball
1-0: Called Strike
1-1: Ball
2-1: Ball
3-1: Base on Balls
Batting: LHB Hideki Hisanobu 0-0: Ball
1-0: Ball
2-0: Swinging Strike
2-1: Fly out, F3 (Line Drive, 3S)
Batting: LHB José Marín 0-0: Ball
1-0: Ball
Alberto Enríquez is caught stealing 2nd base
2-0: Ground out 6-3 (Groundball, 6)
Bottom of the 1st over - 0 runs, 0 hits, 0 errors, 0 left on base; Tortolita 0 - Bakersfield 0
TOP OF THE 2ND
Tortolita Drummers batting - Pitching for Bakersfield Nobles : RHP Armando Garay
Batting: RHB Santo Alba 0-0: Ball
1-0: Foul Ball, location: 2F
1-1: Called Strike
1-2: Ball
2-2: SINGLE (Line Drive, 89S)
Batting: RHB Jim Burch 0-0: Called Strike
0-1: Ball
1-1: Foul Ball, location: 2F
1-2: Fly out, F9 (Flyball, 9LM)
Batting: LHB Steve Costillo 0-0: Ball
1-0: Ball
2-0: Swinging Strike
2-1: Foul Ball, location: 2F
2-2: Strikes out looking
Batting: RHB Alan Elder 0-0: Called Strike
0-1: Ball
1-1: Foul Ball, location: 2F
1-2: Foul Ball, location: 2F
1-2: Strikes out swinging
Top of the 2nd over - 0 runs, 1 hit, 0 errors, 1 left on base; Tortolita 0 - Bakersfield 0
BOTTOM OF THE 2ND
Bakersfield Nobles batting - Pitching for Tortolita Drummers : RHP Gustavo Pérez
Batting: LHB Theo Fightmaster 0-0: Ball
1-0: Ball
2-0: Ball
3-0: Called Strike
3-1: Ground out 5-3 (Groundball, 56S)
Batting: RHB Yosuke Hayashi 0-0: Ball
1-0: Called Strike
1-1: Swinging Strike
1-2: Fly out, F7 (Flyball, 7LSF)
Batting: RHB Miguel Márquez 0-0: Called Strike
0-1: Ball
1-1: Ground out U3 (Groundball, 34S)
Bottom of the 2nd over - 0 runs, 0 hits, 0 errors, 0 left on base; Tortolita 0 - Bakersfield 0
TOP OF THE 3RD
Tortolita Drummers batting - Pitching for Bakersfield Nobles : RHP Armando Garay
Batting: LHB Bernardo Elías 0-0: Called Strike
0-1: Bunt for hit - play at first, batter safe!
Batting: RHB Lu-fang Koo 0-0: Foul Ball, location: 2F
0-1: Ball
1-1: Ball
2-1: Foul Ball, location: 2F
2-2: Foul Ball, location: 2F
2-2: DOUBLE (Line Drive, 9LD)
Bernardo Elías to third
Batting: RHB Sean Godron 0-0: Called Strike
0-1: Ball
1-1: Ball
2-1: Fly out, F8 (Flyball, 8RM)
Runner from 3rd tags up, SCORES, throw made
Batting: RHB Ricardo Pacheco 0-0: Ground out 4-3 (Groundball, 34)
Lu-fang Koo to third
Batting: LHB Francisco Ornelas 0-0: Fly out, F7 (Flyball, 7S)
Top of the 3rd over - 1 run, 2 hits, 0 errors, 1 left on base; Tortolita 1 - Bakersfield 0
BOTTOM OF THE 3RD
Bakersfield Nobles batting - Pitching for Tortolita Drummers : RHP Gustavo Pérez
Batting: RHB Mario Blanco 0-0: Ball
1-0: Called Strike
1-1: Foul Ball, location: 2F
1-2: Foul Ball, location: 2F
1-2: Strikes out swinging
Batting: RHB Alfredo García 0-0: Bunt for hit - play at first, batter safe!
Batting: RHB Vincente Flores 0-0: Ball
1-0: Foul Ball, location: 2F
1-1: Ball
2-1: Ball
3-1: Called Strike
3-2: Grounds into double play, 6-4-3 (Groundball, 6)
Bottom of the 3rd over - 0 runs, 1 hit, 0 errors, 0 left on base; Tortolita 1 - Bakersfield 0
TOP OF THE 4TH
Tortolita Drummers batting - Pitching for Bakersfield Nobles : RHP Armando Garay
Batting: RHB Santo Alba 0-0: Ball
1-0: Ground out 6-3 (Groundball, 6)
Batting: RHB Jim Burch 0-0: Ball
1-0: Ground out 2-3 (Groundball, 15S)
Batting: LHB Steve Costillo 0-0: Called Strike
0-1: Ball
1-1: Foul Ball, location: 2F
1-2: Ball
2-2: Strikes out swinging
Top of the 4th over - 0 runs, 0 hits, 0 errors, 0 left on base; Tortolita 1 - Bakersfield 0
BOTTOM OF THE 4TH
Bakersfield Nobles batting - Pitching for Tortolita Drummers : RHP Gustavo Pérez
Batting: LHB Alberto Enríquez 0-0: Ball
1-0: Ball
2-0: Ball
3-0: Called Strike
3-1: Foul Ball, location: 2F
3-2: Base on Balls
Batting: LHB Hideki Hisanobu 0-0: Ball
1-0: Ball
2-0: Foul Ball, location: 2F
2-1: Foul Ball, location: 2F
2-2: Foul Ball, location: 2F
2-2: Fly out, F7 (Flyball, 7S)
Batting: LHB José Marín 0-0: Ball
1-0: Ball
2-0: Called Strike
2-1: Foul Ball, location: 2F
2-2: Grounds into double play, 4-6-3 (Groundball, 4)
Bottom of the 4th over - 0 runs, 0 hits, 0 errors, 0 left on base; Tortolita 1 - Bakersfield 0
TOP OF THE 5TH
Tortolita Drummers batting - Pitching for Bakersfield Nobles : RHP Armando Garay
Batting: RHB Alan Elder 0-0: Foul Ball, location: 2F
0-1: Ball
1-1: Ball
2-1: Ball
3-1: Foul Ball, location: 2F
3-2: Fly out, F7 (Flyball, 78D)
Batting: LHB Bernardo Elías 0-0: Ball
1-0: Ball
2-0: Called Strike
2-1: Ball
3-1: Foul Ball, location: 2F
3-2: Strikes out swinging
Batting: RHB Lu-fang Koo 0-0: Called Strike
0-1: Called Strike
0-2: Strikes out swinging
Top of the 5th over - 0 runs, 0 hits, 0 errors, 0 left on base; Tortolita 1 - Bakersfield 0
BOTTOM OF THE 5TH
Bakersfield Nobles batting - Pitching for Tortolita Drummers : RHP Gustavo Pérez
Batting: LHB Theo Fightmaster 0-0: Called Strike
0-1: SINGLE (Flyball, 7LS)
Batting: RHB Yosuke Hayashi 0-0: Called Strike
0-1: Ball
1-1: Foul Ball, location: 2F
1-2: Hit by Pitch
Theo Fightmaster to second
Batting: RHB Miguel Márquez 0-0: Ball
1-0: Sac Bunt - play at first, batter OUT! 5-4
Theo Fightmaster to third
Yosuke Hayashi to second
Batting: RHB Mario Blanco 0-0: Ball
1-0: Called Strike
1-1: Foul Ball, location: 2F
1-2: Ground out 6-3 (Groundball, 56)
Theo Fightmaster scores
Batting: RHB Alfredo García 0-0: Ball
1-0: Ground out 3-1 (Groundball, 34S)
Bottom of the 5th over - 1 run, 1 hit, 0 errors, 1 left on base; Tortolita 1 - Bakersfield 1
TOP OF THE 6TH
Tortolita Drummers batting - Pitching for Bakersfield Nobles : RHP Armando Garay
Batting: RHB Sean Godron 0-0: Foul Ball, location: 2F
0-1: Foul Ball, location: 2F
0-2: Foul Ball, location: 2F
0-2: Ball
1-2: Ball
2-2: Foul Ball, location: 2F
2-2: SINGLE (Line Drive, 4MD)
Batting: RHB Ricardo Pacheco 0-0: Ball
1-0: Sac Bunt - play at first, batter OUT! 1-4
Sean Godron to second
Batting: LHB Francisco Ornelas 0-0: Intentional Walk
Batting: RHB Santo Alba 0-0: Called Strike
0-1: Swinging Strike
0-2: Ground out U3 (Groundball, 34S)
Sean Godron to third
Francisco Ornelas to second
Batting: RHB Jim Burch 0-0: Called Strike
0-1: Ball
1-1: Fly out, F9 (Flyball, 9)
Top of the 6th over - 0 runs, 1 hit, 0 errors, 2 left on base; Tortolita 1 - Bakersfield 1
BOTTOM OF THE 6TH
Bakersfield Nobles batting - Pitching for Tortolita Drummers : RHP Gustavo Pérez
Batting: RHB Vincente Flores 0-0: Ball
1-0: SINGLE (Line Drive, 4M)
Batting: LHB Alberto Enríquez 0-0: Sac Bunt - play at second, runner OUT! 1-6
Batting: LHB Hideki Hisanobu 0-0: Swinging Strike
0-1: Called Strike
0-2: Ball
1-2: Ball
2-2: Strikes out swinging
Batting: LHB José Marín 0-0: Ground out 6-3 (Groundball, 6S)
Bottom of the 6th over - 0 runs, 1 hit, 0 errors, 1 left on base; Tortolita 1 - Bakersfield 1
TOP OF THE 7TH
Tortolita Drummers batting - Pitching for Bakersfield Nobles : RHP Armando Garay
Batting: LHB Steve Costillo 0-0: Ball
1-0: Called Strike
1-1: Ball
2-1: Called Strike
2-2: Foul Ball, location: 2F
2-2: Strikes out swinging
Batting: RHB Alan Elder 0-0: Ball
1-0: Called Strike
1-1: Foul Ball, location: 2F
1-2: Ball
2-2: Ball
3-2: Fly out, F6 (Line Drive, 6)
Batting: LHB Bernardo Elías 0-0: Ball
1-0: Fly out, F2 (Popup, 13S)
Top of the 7th over - 0 runs, 0 hits, 0 errors, 0 left on base; Tortolita 1 - Bakersfield 1
BOTTOM OF THE 7TH
Bakersfield Nobles batting - Pitching for Tortolita Drummers : RHP Gustavo Pérez
Batting: LHB Theo Fightmaster 0-0: Foul Ball, location: 2F
0-1: Ball
1-1: Fly out, F8 (Flyball, 8RM)
Batting: RHB Yosuke Hayashi 0-0: Ball
1-0: DOUBLE (Line Drive, 7LM)
Pinch Hitting: RHB Robert O'Connor 0-0: Intentional Walk
Pinch Hitting: RHB Karl Schultz 0-0: Called Strike
0-1: Ball
1-1: Ball
2-1: Grounds into double play, 6-4-3 (Groundball, 6)
Bottom of the 7th over - 0 runs, 1 hit, 0 errors, 1 left on base; Tortolita 1 - Bakersfield 1
TOP OF THE 8TH
Tortolita Drummers batting - Pitching for Bakersfield Nobles : RHP Armando Garay
Now at 2B: Anthony Johnston
Now at SS: Won-min Yi
Batting: RHB Lu-fang Koo 0-0: Called Strike
0-1: Called Strike
0-2: Strikes out looking
Batting: RHB Sean Godron 0-0: Ball
1-0: Called Strike
1-1: Ball
2-1: Ground out 6-3 (Groundball, 6)
Batting: RHB Ricardo Pacheco 0-0: Swinging Strike
0-1: Called Strike
0-2: Strikes out looking
Top of the 8th over - 0 runs, 0 hits, 0 errors, 0 left on base; Tortolita 1 - Bakersfield 1
BOTTOM OF THE 8TH
Bakersfield Nobles batting - Pitching for Tortolita Drummers : RHP Gustavo Pérez
Pinch Hitting: LHB Timmy Appeldoorn 0-0: Swinging Strike
0-1: Ground out 6-3 (Groundball, 4MS)
Batting: RHB Vincente Flores 0-0: Ball
1-0: Called Strike
1-1: Ball
2-1: Called Strike
2-2: Ball
3-2: Strikes out swinging
Batting: LHB Alberto Enríquez 0-0: Ball
1-0: Fly out, F2 (Popup, 13S)
Bottom of the 8th over - 0 runs, 0 hits, 0 errors, 0 left on base; Tortolita 1 - Bakersfield 1
TOP OF THE 9TH
Tortolita Drummers batting - Pitching for Bakersfield Nobles : RHP Armando Garay
Now in RF: Serious Lee
Batting: LHB Francisco Ornelas 0-0: Ground out 6-3 (Groundball, 6)
Pinch Hitting: RHB Lonnie Conrad 0-0: Called Strike
0-1: Ball
1-1: Ball
2-1: Called Strike
2-2: Ball
3-2: Strikes out swinging
Pinch Hitting: SHB Carlos Kramer 0-0: Called Strike
0-1: Swinging Strike
0-2: Ball
1-2: Strikes out swinging
Top of the 9th over - 0 runs, 0 hits, 0 errors, 0 left on base; Tortolita 1 - Bakersfield 1
BOTTOM OF THE 9TH
Bakersfield Nobles batting - Pitching for Tortolita Drummers : RHP Gustavo Pérez
Pitching: LHP Jason Horne
Now at C: Vincent Klein
Now at 3B: Carlos Kramer
Pinch Hitting: RHB Gerardo Castillo 0-0: Ball
1-0: Called Strike
1-1: Called Strike
1-2: Foul Ball, location: 2F
1-2: Fly out, F8 (Flyball, 8LXD)
Batting: LHB José Marín 0-0: Called Strike
0-1: Ball
1-1: Foul Ball, location: 2F
1-2: Strikes out swinging
Batting: LHB Theo Fightmaster 0-0: Swinging Strike
0-1: Fly out, F8 (Line Drive, 8RD)
Bottom of the 9th over - 0 runs, 0 hits, 0 errors, 0 left on base; Tortolita 1 - Bakersfield 1
TOP OF THE 10TH
Tortolita Drummers batting - Pitching for Bakersfield Nobles : RHP Armando Garay
Now in LF: Ramiro Ramos
Batting: LHB Steve Costillo 0-0: Called Strike
0-1: Called Strike
0-2: Foul Ball, location: 2F
0-2: Ball
1-2: Foul Ball, location: 2F
1-2: Strikes out swinging
Batting: RHB Alan Elder 0-0: Called Strike
0-1: Ball
1-1: Ball
2-1: Fly out, F9 (Flyball, 89D)
Batting: LHB Bernardo Elías 0-0: Foul Ball, location: 2F
0-1: Ground out 6-3 (Groundball, 6S)
Top of the 10th over - 0 runs, 0 hits, 0 errors, 0 left on base; Tortolita 1 - Bakersfield 1
BOTTOM OF THE 10TH
Bakersfield Nobles batting - Pitching for Tortolita Drummers : LHP Jason Horne
Batting: RHB Yosuke Hayashi 0-0: Ball
1-0: Called Strike
1-1: Hit by Pitch
Batting: RHB Anthony Johnston 0-0: Sac Bunt - play at first, batter OUT! 1-4
Yosuke Hayashi to second
Batting: RHB Won-min Yi 0-0: Intentional Walk
Pinch Hitting: RHB Kazuyoshi Yoshida 0-0: Ball
1-0: Ball
2-0: Ball
3-0: Called Strike
3-1: Foul Ball, location: 2F
3-2: Base on Balls
Yosuke Hayashi to third
Won-min Yi to second
Batting: RHB Vincente Flores 0-0: Called Strike
0-1: Called Strike
0-2: Grounds into fielders choice 5-2 (Groundball, 2L)
Won-min Yi to third
Kazuyoshi Yoshida to second
Batting: LHB Alberto Enríquez 0-0: Ground out 5-3 (Groundball, 56S)
Bottom of the 10th over - 0 runs, 0 hits, 0 errors, 3 left on base; Tortolita 1 - Bakersfield 1
TOP OF THE 11TH
Tortolita Drummers batting - Pitching for Bakersfield Nobles : RHP Armando Garay
Now in RF: Kazuyoshi Yoshida
Batting: RHB Lu-fang Koo 0-0: Ball
1-0: Called Strike
1-1: DOUBLE (Line Drive, 78D)
Pitching: RHP Nésto Gago
Batting: RHB Sean Godron 0-0: Ball
Lu-fang Koo steals 3rd base
1-0: Ball
Wild Pitch!
Lu-fang Koo scores
2-0: Ball
3-0: Called Strike
3-1: Base on Balls
Batting: RHB Ricardo Pacheco 0-0: Sac Bunt - play at first, batter OUT! 1-4
Sean Godron to second
Batting: LHB Francisco Ornelas 0-0: Intentional Walk
Batting: RHB Vincent Klein 0-0: Called Strike
0-1: Ball
1-1: Called Strike
1-2: Foul Ball, location: 2F
1-2: Ball
2-2: Foul Ball, location: 2F
2-2: Foul Ball, location: 2F
2-2: Foul Ball, location: 2F
2-2: Foul Ball, location: 2F
2-2: Strikes out swinging
Batting: SHB Carlos Kramer 0-0: Called Strike
0-1: Fly out, F7 (Flyball, 7LMF)
Top of the 11th over - 1 run, 1 hit, 0 errors, 2 left on base; Tortolita 2 - Bakersfield 1
BOTTOM OF THE 11TH
Bakersfield Nobles batting - Pitching for Tortolita Drummers : LHP Jason Horne
Pitching: RHP Kyle Buckman
Batting: LHB Ramiro Ramos 0-0: Ball
1-0: Called Strike
1-1: Foul Ball, location: 2F
1-2: Ball
2-2: Ball
3-2: Foul Ball, location: 2F
3-2: Foul Ball, location: 2F
3-2: Foul Ball, location: 2F
3-2: Base on Balls
Batting: LHB José Marín 0-0: Swinging Strike
0-1: SINGLE (Groundball, 4S) (infield hit)
Ramiro Ramos to second
Batting: LHB Theo Fightmaster 0-0: Called Strike
0-1: Ball
1-1: Foul Ball, location: 2F
1-2: Foul Ball, location: 2F
1-2: Strikes out looking
Batting: RHB Yosuke Hayashi 0-0: Ball
1-0: Ball
2-0: Ball
3-0: Foul Ball, location: 2F
3-1: Base on Balls
Ramiro Ramos to third
José Marín to second
Batting: RHB Anthony Johnston 0-0: Fly out, F7 (Flyball, 7LS)
Runner from 3rd tags up, SCORES, throw made
José Marín to third
Batting: RHB Won-min Yi 0-0: Foul Ball, location: 2F
0-1: Ball
1-1: Ball
2-1: Foul Ball, location: 2F
2-2: Ball
3-2: Strikes out swinging
Bottom of the 11th over - 1 run, 1 hit, 0 errors, 2 left on base; Tortolita 2 - Bakersfield 2
TOP OF THE 12TH
Tortolita Drummers batting - Pitching for Bakersfield Nobles : RHP Nésto Gago
Batting: LHB Steve Costillo 0-0: Ball
1-0: Ball
2-0: Called Strike
2-1: Swinging Strike
2-2: Ball
3-2: SINGLE (Line Drive, 56D)
Batting: RHB Alan Elder 0-0: Called Strike
0-1: Ball
1-1: Ball
2-1: Swinging Strike
2-2: Ball
3-2: Fly out, F8 (Flyball, 8LS)
Batting: LHB Bernardo Elías 0-0: Called Strike
0-1: Ball
1-1: Ball
2-1: Swinging Strike
2-2: Ball
3-2: Base on Balls
Steve Costillo to second
Pitching: RHP José Sauls
Batting: RHB Lu-fang Koo 0-0: Ball
1-0: Swinging Strike
1-1: Called Strike
1-2: Foul Ball, location: 2F
1-2: Foul Ball, location: 2F
1-2: Ball
2-2: Foul Ball, location: 2F
2-2: Grounds into double play, 4-6-3 (Groundball, 4)
Top of the 12th over - 0 runs, 1 hit, 0 errors, 1 left on base; Tortolita 2 - Bakersfield 2
BOTTOM OF THE 12TH
Bakersfield Nobles batting - Pitching for Tortolita Drummers : RHP Kyle Buckman
Pitching: LHP Ricardo Ruíz
Batting: RHB Kazuyoshi Yoshida 0-0: Ball
1-0: Foul Ball, location: 2F
1-1: Ball
2-1: Swinging Strike
2-2: Ball
3-2: Foul Ball, location: 2F
3-2: Foul Ball, location: 2F
3-2: Foul Ball, location: 2F
3-2: Strikes out swinging
Batting: RHB Vincente Flores 0-0: Ball
1-0: Swinging Strike
1-1: DOUBLE (Line Drive, 7D)
Batting: LHB Alberto Enríquez 0-0: Called Strike
0-1: Foul Ball, location: 2F
0-2: Ground out 6-3 (Groundball, 6S)
Vincente Flores to third
Batting: LHB Ramiro Ramos 0-0: Foul Ball, location: 2F
0-1: Ball
1-1: Ball
2-1: Foul Ball, location: 2F
2-2: Foul Ball, location: 2F
2-2: Foul Ball, location: 2F
2-2: Strikes out swinging
Bottom of the 12th over - 0 runs, 1 hit, 0 errors, 1 left on base; Tortolita 2 - Bakersfield 2
TOP OF THE 13TH
Tortolita Drummers batting - Pitching for Bakersfield Nobles : RHP José Sauls
Batting: RHB Sean Godron 0-0: Fly out, F4 (Line Drive, 4)
Batting: RHB Ricardo Pacheco 0-0: Ball
1-0: Called Strike
1-1: Called Strike
1-2: Strikes out looking
Batting: LHB Francisco Ornelas 0-0: Foul Ball, location: 2F
0-1: Ball
1-1: Ball
2-1: Ball
3-1: Ground out 4-3 (Groundball, 34D)
Top of the 13th over - 0 runs, 0 hits, 0 errors, 0 left on base; Tortolita 2 - Bakersfield 2
BOTTOM OF THE 13TH
Bakersfield Nobles batting - Pitching for Tortolita Drummers : LHP Ricardo Ruíz
Batting: LHB José Marín 0-0: Ball
1-0: Foul Ball, location: 2F
1-1: Swinging Strike
1-2: Strikes out swinging
Batting: LHB Theo Fightmaster 0-0: Called Strike
0-1: Fly out, F9 (Line Drive, 9D)
Batting: RHB Yosuke Hayashi 0-0: Ground out 5-3 (Groundball, 56S)
Bottom of the 13th over - 0 runs, 0 hits, 0 errors, 0 left on base; Tortolita 2 - Bakersfield 2
TOP OF THE 14TH
Tortolita Drummers batting - Pitching for Bakersfield Nobles : RHP José Sauls
Batting: RHB Vincent Klein 0-0: Foul Ball, location: 2F
0-1: Reached on error, E1 (Groundball, 13S)
Batting: SHB Carlos Kramer 0-0: Called Strike
0-1: Ball
1-1: Ball
2-1: DOUBLE (Flyball, 89XD)
Vincent Klein scores
Batting: LHB Steve Costillo 0-0: Ground out 4-3 (Groundball, 4D)
Carlos Kramer to third
Batting: RHB Alan Elder 0-0: Called Strike
0-1: Foul Ball, location: 2F
0-2: Ball
1-2: Ball
2-2: Fly out, F8 (Flyball, 78M)
Runner from 3rd tags up, SCORES, throw made
Batting: LHB Bernardo Elías 0-0: Foul Ball, location: 2F
0-1: Ball
1-1: Ball
2-1: Ball
3-1: Foul Ball, location: 2F
3-2: Foul Ball, location: 2F
3-2: Foul Ball, location: 2F
3-2: Ground out 4-3 (Groundball, 4)
Top of the 14th over - 2 runs, 1 hit, 1 error, 0 left on base; Tortolita 4 - Bakersfield 2
BOTTOM OF THE 14TH
Bakersfield Nobles batting - Pitching for Tortolita Drummers : LHP Ricardo Ruíz
Batting: RHB Anthony Johnston 0-0: Ball
1-0: Ball
2-0: Fly out, F8 (Flyball, 8LM)
Batting: RHB Won-min Yi 0-0: Called Strike
0-1: Called Strike
0-2: Fly out, F4 (Line Drive, 4M)
Batting: RHB Kazuyoshi Yoshida 0-0: Ball
1-0: Foul Ball, location: 2F
1-1: Called Strike
1-2: Foul Ball, location: 2F
1-2: Foul Ball, location: 2F
1-2: Ground out 6-3 (Groundball, 6)
Bottom of the 14th over - 0 runs, 0 hits, 0 errors, 0 left on base; Tortolita 4 - Bakersfield 2
Tuesday, June 12th, 2018 - OOTP Baseball 18.8 Build 76